 Dungeon Crawl Stone Soup version 0.30.0-17-ge0270778cf (webtiles) character file.

Game seed: 6120467666680207993

2611 gelatine the Skirmisher (level 9, -9/68 HPs)
             Began as a Demonspawn Hunter on May 23, 2023.
             Was an Initiate of Fedhas.
             Mangled by Menkaure (19 damage)
             ... on level 7 of the Dungeon.
             The game lasted 00:15:57 (6171 turns).

gelatine the Skirmisher (Demonspawn Hunter)         Turns: 6171, Time: 00:15:58

Health: -9/68      AC:  4    Str: 18    XL:     9   Next: 34%
Magic:  9/9        EV: 13    Int: 11    God:    Fedhas [......]
Gold:   469        SH:  0    Dex: 20    Spells: 6/8 levels left

rFire   . . .        s - +2 sling (drain)
rCold   . . .        (no shield)
rNeg    . . .        c - +0 leather armour
rPois   .            (no helmet)
rElec   .            (no cloak)
rCorr   .            (no gloves)
SInv    .            n - +0 pair of boots
Will    .....        j - amulet of the acrobat
Stlth   ++           o - +6 ring of strength
HPRegen 0.31/turn    (no ring)
MPRegen 0.11/turn

%: acrobat
@: mighty
A: foul stench 1, powered by pain 1, weakness stinger 2
a: Renounce Religion


You were on level 7 of the Dungeon.
You worshipped Fedhas.
Fedhas was noncommittal.
You visited 2 branches of the dungeon, and saw 8 of its levels.
You also visited: Sewer and Ossuary.

You collected 469 gold pieces.

Inventory:

Hand Weapons
 a - a +0 shortbow
 s - a +2 sling of draining (weapon)
Armour
 c - a +0 leather armour (worn)
 n - a +0 pair of boots (worn)
 v - a +2 chain mail of fire resistance
Jewellery
 j - an amulet of the acrobat (around neck)
 l - a ring of wizardry
 o - a +6 ring of strength (left hand)
Wands
 H - a wand of iceblast (7)
Scrolls
 b - 3 scrolls of immolation
 d - 3 scrolls of blinking {unknown}
 e - a scroll of enchant armour {unknown}
 g - a scroll of noise
 k - 5 scrolls of teleportation {unknown}
 m - a scroll of vulnerability {unknown}
 t - a scroll of amnesia {unknown}
 u - a scroll of enchant weapon {unknown}
 x - a scroll of fog {unknown}
 y - a scroll of acquirement {unknown}
 z - a scroll of poison {unknown}
 E - 2 scrolls of identify
 F - a scroll of butterflies {unknown}
 G - a scroll of magic mapping
Potions
 f - a potion of mutation
 h - a potion of might
 i - 2 potions of haste {unknown}
 p - 4 potions of curing
 q - 2 potions of invisibility {unknown}
 r - 2 potions of brilliance {unknown}
 w - 2 potions of degeneration {unknown}
 A - a potion of lignification {unknown}
 B - a potion of magic {unknown}
 C - 3 potions of flight {unknown}
 D - a potion of ambrosia {unknown}
 I - a potion of heal wounds
 J - a potion of berserk rage {unknown}


   Skills:
 * Level 5.4 Fighting
 * Level 9.5 Ranged Weapons
 * Level 3.6 Armour
 * Level 3.6 Dodging
 * Level 3.3 Stealth
 * Level 0.3 Spellcasting
 * Level 0.3 Hexes
 * Level 0.3 Ice Magic
 * Level 0.5 Invocations


You had 6 spell levels left.
You knew the following spells:

 Your Spells              Type           Power      Damage    Failure   Level
a - Ensorcelled Hibernat  Hex/Ice        0%         N/A       47%         2

Your spell library contained the following spells:

 Spells                   Type           Power      Damage    Failure   Level
 Summon Small Mammal      Summ           0%         N/A       38%         1
 Static Discharge         Conj/Air       0%         2-2/arc   54%         2
 Summon Guardian Golem    Hex/Summ       0%         N/A       75%         3
 Call Canine Familiar     Summ           0%         N/A       77%         3
 Ignite Poison            Fire/Tmut/Pois 0%         N/A       77%         3
 Spider Form              Tmut/Pois      0%         N/A       77%         3
 Anguish                  Hex/Necr       0%         N/A       98%         4
 Airstrike                Air            0%         2d(0-16)  99%         4
 Sticky Flame             Conj/Fire      0%         2d3       99%         4
 Summon Lightning Spire   Summ/Air       0%         N/A       99%         4
 Ignition                 Fire           0%         3d3       100%        8


Dungeon Overview and Level Annotations

Branches:
Dungeon (7/15)             Temple (1/1) D:4           Sewer (visited)
Ossuary (visited)

Altars:
Ashenzari
Cheibriados
Dithmenos
Fedhas
Gozag
Hepliaklqana
Kikubaaqudgha
Makhleb
Nemelex Xobeh
Okawaru
Qazlal
Ru
Sif Muna
Trog
Uskayaw
Wu Jian
Xom
Yredelemnul

Shops:
D:3 :

Annotations:
D:6 1 runed translucent door, Hubris850's ghost, novice HOFi
D:7 Menkaure


Innate Abilities, Weirdness & Mutations

You may rarely emit foul miasma when damaged in melee.
You sometimes gain a little power by taking damage.
You have a tail ending in a sharp stinger.


Message History

Menkaure is moderately damaged.
You shoot a sling bullet. The sling bullet hits Menkaure.
Menkaure is moderately damaged.
You shoot a sling bullet.
The sling bullet barely misses Menkaure.
Menkaure closely misses you.
You shoot a sling bullet. The sling bullet hits Menkaure.
Menkaure is heavily damaged.
Menkaure hits you but does no damage.
You shoot a sling bullet. The sling bullet hits Menkaure.
Menkaure is severely damaged.
Menkaure hits you!
You shoot a sling bullet.
The sling bullet hits Menkaure but does no damage.
Menkaure is severely damaged.
Menkaure calls on the powers of darkness!
Your body is wracked with pain!
You are too injured to fight recklessly!
You are too injured to fight recklessly!
You are too injured to fight recklessly!
You are too injured to fight recklessly!
Unknown command.
Fire: s) +2 sling (drain)
Press: ? - help, Q - select action, (/) - cycle Shift-Dir - straight line, f/p - Menkaure
Aim: Menkaure (severely damaged, fast, 80% to hit)
You shoot a sling bullet.
The sling bullet hits Menkaure but does no damage.
Menkaure is severely damaged.
Menkaure hits you!!
* * * LOW HITPOINT WARNING * * *
You focus on the pain.
You feel very mighty all of a sudden.
Fire: s) +2 sling (drain)
Press: ? - help, Q - select action, (/) - cycle Shift-Dir - straight line, f/p - Menkaure
Aim: Menkaure (severely damaged, fast, 80% to hit)
You shoot a sling bullet. The sling bullet hits Menkaure.
Menkaure is almost destroyed.
Menkaure completely misses you. Menkaure hits you!!
You die...
Fedhas appreciates your contribution to the ecosystem.

#.........####....#
##.......## ...#
##.....## .#.#
##...## ##'## #.#
#.# ##.## #.@.#
#...M.# .........#
###.#...#.#
#.###..).. # ##.###
. #


You could see Menkaure (fast).

Vanquished Creatures
  A two-headed ogre (D:6)
  Eustachio (D:4)
  Edmund (D:6)
  Duvessa (D:6)
  3 ice beasts
  A sky beast (D:7)
  An ogre (D:4)
  A centaur (D:6)
  A phantom (D:5)
  Blork the orc (D:5)
  A bullfrog (D:6)
  A kobold brigand (Sewer)
  A water moccasin zombie (Ossuary)
  3 scorpions
  Dowan (D:6)
  4 jellies
  An orc priest (D:5)
  3 iguanas
  2 orc wizards (D:4)
  2 mummies (Ossuary)
  4 gnolls
  8 adders
  A river rat (Sewer)
  An ufetubus (D:5)
  5 adder zombies (Ossuary)
  3 worms
  4 dart slugs
  9 orcs
  11 bats
  5 endoplasms
  4 giant cockroaches
  4 goblins
  4 hobgoblins
  A quokka (D:3)
  7 ball pythons
  A frilled lizard (D:1)
  2 gnoll zombies (Ossuary)
  3 hobgoblin zombies (Ossuary)
  17 kobolds
  9 kobold zombies (Ossuary)
  3 orc zombies (Ossuary)
  9 rats
146 creatures vanquished.

Notes
Turn   | Place    | Note
-------+----------+-------------------------------------------
     0 | D:1      | gelatine the Demonspawn Hunter began the quest for the Orb.
     0 | D:1      | Reached XP level 1. HP: 16/16 MP: 1/1
   109 | D:1      | Reached skill level 4 in Ranged Weapons
   120 | D:1      | Gained mutation: You have a small tail. [demonic ancestry]
   120 | D:1      | Reached XP level 2. HP: 22/22 MP: 2/2
   458 | D:1      | Gained mutation: You have a tail ending in a sharp stinger.
                  | [demonic ancestry]
   458 | D:1      | Reached XP level 3. HP: 27/27 MP: 3/3
  1156 | D:2      | Found a hazy altar of Hepliaklqana.
  1177 | D:2      | Reached XP level 4. HP: 34/34 MP: 4/4
  1601 | D:3      | Found Myha's Book Emporium.
  1608 | D:3      | Found a glowing drain.
  1630 | Sewer    | Entered a sewer
  1663 | Sewer    | Reached skill level 5 in Ranged Weapons
  1767 | Sewer    | Noticed a kobold brigand
  1785 | Sewer    | Killed a kobold brigand
  1786 | Sewer    | Reached skill level 1 in Armour
  1786 | Sewer    | Reached XP level 5. HP: 12/40 MP: 5/5
  2796 | D:4      | Noticed an ogre
  2807 | D:4      | Killed an ogre
  2808 | D:4      | Gained mutation: You sometimes gain a little power by
                  | taking damage. [demonic ancestry]
  2808 | D:4      | Reached XP level 6. HP: 16/47 MP: 6/6
  3004 | D:4      | Noticed Eustachio
  3010 | D:4      | Killed Eustachio
  3011 | D:4      | Reached skill level 6 in Ranged Weapons
  3011 | D:4      | Reached skill level 1 in Stealth
  3478 | D:4      | Reached XP level 7. HP: 40/52 MP: 7/7
  3780 | D:4      | Found a staircase to the Ecumenical Temple.
  3789 | Temple   | Entered the Ecumenical Temple
  4078 | D:5      | Entered Level 5 of the Dungeon
  4080 | D:5      | Found a sand-covered staircase.
  4101 | Ossuary  | Entered an ossuary
  4524 | D:5      | Reached skill level 7 in Ranged Weapons
  4732 | D:5      | Noticed Blork the orc
  4741 | D:5      | Killed Blork the orc
  4779 | D:5      | Gained mutation: You may rarely emit foul miasma when
                  | damaged in melee. [demonic ancestry]
  4779 | D:5      | Reached XP level 8. HP: 60/60 MP: 8/8
  5156 | D:6      | Noticed Duvessa
  5167 | D:6      | Killed Duvessa
  5168 | D:6      | Reached skill level 8 in Ranged Weapons
  5168 | D:6      | Noticed Dowan
  5189 | D:6      | Killed Dowan
  5354 | D:6      | Noticed Edmund
  5367 | D:6      | Killed Edmund
  5474 | D:6      | Noticed a two-headed ogre
  5482 | D:6      | Killed a two-headed ogre
  5483 | D:6      | Reached skill level 5 in Fighting
  5483 | D:6      | Reached skill level 9 in Ranged Weapons
  5483 | D:6      | Reached XP level 9. HP: 23/68 MP: 9/9
  5677 | D:6      | Found a bloodstained altar of Trog.
  5677 | D:6      | Found a stormy altar of Qazlal.
  5677 | D:6      | Found a shimmering altar of Xom.
  5677 | D:6      | Found a broken altar of Ashenzari.
  5678 | D:6      | Found a sparkling altar of Nemelex Xobeh.
  5678 | D:6      | Found a shadowy altar of Dithmenos.
  5679 | D:6      | Found a blossoming altar of Fedhas.
  5680 | D:6      | Found a burning altar of Makhleb.
  5681 | D:6      | Found an opulent altar of Gozag.
  5687 | D:6      | Became a worshipper of Fedhas Madash
  5765 | D:6      | Learned a level 2 spell: Ensorcelled Hibernation
  5821 | D:6      | Found a runed translucent door.
  5832 | D:6      | Noticed Hubris850's ghost (novice HOFi)
  6117 | D:7      | Found a snail-covered altar of Cheibriados.
  6161 | D:7      | Noticed Menkaure
  6171 | D:7      | Mangled by Menkaure

Illustrated notes

Levels and vault maps discovered:
D:1:      lemuel_arrival_hallway, layout_loops_ring
D:2:      layout_basic, basic_altar, minmay_split_cup_small
D:3:      layout_loops_ring, serial_shops, nicolae_shop_tiny_real_fake_doors,
          cheibrodos_sewer_entry_sluice, corexii_item_surrounded_by_moat,
          kennysheep_decorative_pillar
D:4:      layout_layer_cave, minmay_temple_entry_junction, uniq_eustachio
D:5:      layout_gridville, nicolae_ossuary_entry_false_entrances,
          hangedman_abyss_or_decor_stagger, uniq_blork_the_orc
D:6:      layout_basic, nicolae_overflows_in_rows, ebering_ghost_sewer_d,
          uniq_duvessa, uniq_edmund
D:7:      kennysheep_windowed_halls, layout_loops_corners,
          mainiacjoe_overflow_brackets,
          mainiacjoe_overflow_concentric_impassable, ebering_ghost_rock_garden,
          nicolae_shop_self_help, uniq_menkaure, uniq_prince_ribbit1
Temple:   dpeg_three_leaves_temple

Skill      XL: |  1  2  3  4  5  6  7  8 |
---------------+-------------------------+-----
Ranged Weapons | 4 5 6 7 9 |  9.5
Armour         | 1 2 3 |  3.6
Fighting       | 3 4 5 |  5.4
Dodging        | 2 3 |  3.6
Stealth        | 1 2 3 |  3.3
Spellcasting   | |  0.3
Hexes          | |  0.3
Ice Magic      | |  0.3
Invocations    | |  0.5

Action                     |  1- 3 |  4- 6 |  7- 9 || total
---------------------------+-------+-------+-------++-------
   Fire: Shortbow          |   100 |    72 |       ||   172
         Sling             |       |    76 |   317 ||   393
    Use: Potion            |       |     5 |       ||     5
         Scroll            |       |     3 |     2 ||     5
 Armour: Leather armour    |     9 |    19 |    29 ||    57
  Dodge: Dodged            |    13 |    36 |    82 ||   131
